[Event "Titled Tuesday Blitz August 1 Early 2023"]
[White "Garcia Almaguer, Juan Manuel"]
[Black "SicilianPanzer"]
[WhiteFideId "5110491"]
[WhiteElo "2462"]
[BlackElo "2314"]
[Result "1-0"]
[Round "5"]
[TimeControl "180+1"]
[Date "2023.08.01"]
[WhiteClock "0:00:15"]
[BlackClock "0:00:00"]
[Board "168"]

1. e4 c5 2. Nf3 Nc6 3. d3 g6 4. g3 Bg7 5. Bg2 d6 6. O-O Nf6 7. Re1 O-O 8. a4 a6 9. Nc3 Rb8 10. Bg5 b5 11. axb5 axb5 12. Qd2 Re8 13. h3 Nd4 14. Bh6 Nxf3+ 15. Bxf3 Bxh3 16. e5 Nd7 17. Bxg7 Kxg7 18. Kh2 Be6 19. d4 cxd4 20. Qxd4 Nxe5 21. Rxe5 dxe5 22. Qxe5+ Kg8 23. Rd1 Qb6 24. Kg2 b4 25. Ne4 Rbd8 26. Rh1 Rd5 27. Qf4 Rf5 28. Qh6 Qd4 29. Qxh7+ Kf8 30. Qh8+ Qxh8 31. Rxh8+ Kg7 32. Rxe8 Bd5 33. Nd2 Bxf3+ 34. Nxf3 Rc5 35. Rxe7 Rxc2 36. b3 Rc3 37. Re3 Rc2 38. Ne5 f6 39. Nd3 Rc3 40. Nxb4 1-0


[Site "https://www.chess.com"]

[Event "Titled Tuesday Blitz August 1 Early 2023"]
[White "Xavier_mompel"]
[Black "Dinu, Dumitru-Daniel"]
[BlackFideId "1208403"]
[WhiteElo "2290"]
[BlackElo "2462"]
[Result "0-1"]
[Round "5"]
[TimeControl "180+1"]
[Date "2023.08.01"]
[WhiteClock "0:00:04"]
[BlackClock "0:00:18"]
[Board "169"]

1. e4 c5 2. Nf3 Nc6 3. d4 cxd4 4. Nxd4 Nf6 5. Nc3 e5 6. Ndb5 d6 7. Bg5 a6 8. Na3 b5 9. Nd5 Be7 10. Bxf6 Bxf6 11. c3 Ne7 12. Nxf6+ gxf6 13. Nc2 Bb7 14. Qd3 d5 15. exd5 Qxd5 16. Qxd5 Nxd5 17. O-O-O O-O-O 18. Ne3 Nxe3 19. fxe3 Rxd1+ 20. Kxd1 Rd8+ 21. Kc1 Rg8 22. Rg1 f5 23. Bd3 Rg5 24. h4 Rh5 25. g4 fxg4 26. Rxg4 f5 27. Rg5 Rxg5 28. hxg5 e4 29. Be2 Bd5 30. b3 Kb7 31. Bh5 Be6 32. g6 hxg6 33. Bxg6 Kc6 34. Kd2 Kd6 35. Ke2 Ke5 36. Be8 Bd5 37. a4 Bxb3 38. axb5 Bc4+ 39. Kd2 axb5 40. Bd7 Kf6 41. Ke1 Kg5 42. Kf2 f4 43. Bc6 Bd3 44. exf4+ Kxf4 45. Be8 e3+ 46. Ke1 Bc4 47. Bd7 Ke4 48. Be8 Kd3 49. Bg6+ Kxc3 0-1


[Site "https://www.chess.com"]

[Event "Titled Tuesday Blitz August 1 Early 2023"]
[White "Schut, Han"]
[Black "KrokerGuy"]
[WhiteFideId "1005561"]
[WhiteElo "2271"]
[BlackElo "2460"]
[Result "0-1"]
[Round "5"]
[TimeControl "180+1"]
[Date "2023.08.01"]
[WhiteClock "0:00:00"]
[BlackClock "0:00:09"]
[Board "170"]

1. e4 e5 2. Nf3 Nc6 3. Bc4 Bc5 4. c3 Nf6 5. d4 exd4 6. b4 Bb6 7. e5 d5 8. exf6 dxc4 9. Qe2+ Be6 10. b5 Na5 11. fxg7 Rg8 12. Nxd4 Bxd4 13. cxd4 Rxg7 14. Bf4 Rxg2 15. Nc3 Qxd4 16. Be5 Qg4 17. Bg3 Qd4 18. Be5 Qg4 19. Bg3 Qg7 20. Be5 Rg1+ 21. Kd2 O-O-O+ 22. Kc2 Qg6+ 23. Kb2 Rxh1 24. Rxh1 Qg5 25. f4 Qf5 26. Rd1 Rxd1 27. Qxd1 b6 28. Qf3 Nb7 29. Nd5 Bxd5 30. Qxd5 Qe6 31. Qd2 Nc5 32. Qg2 Kb8 0-1


[Site "https://www.chess.com"]

[Event "Titled Tuesday Blitz August 1 Early 2023"]
[White "Fudalej, Michal"]
[Black "Carrasco Miranda, Andres"]
[WhiteFideId "1118781"]
[BlackFideId "3405990"]
[WhiteElo "2244"]
[BlackElo "2458"]
[Result "0-1"]
[Round "5"]
[TimeControl "180+1"]
[Date "2023.08.01"]
[WhiteClock "0:00:02"]
[BlackClock "0:00:33"]
[Board "171"]

1. Nf3 Nf6 2. g3 g6 3. Bg2 Bg7 4. c4 O-O 5. Nc3 d6 6. O-O Nc6 7. Rb1 Bf5 8. d3 a5 9. a3 Qd7 10. Re1 Bh3 11. Bh1 Nh5 12. Qc2 f5 13. b4 axb4 14. axb4 f4 15. Nd5 Nd4 16. Nxd4 Bxd4 17. e3 fxg3 18. hxg3 Bg7 19. c5 Rac8 20. Bb2 e5 21. d4 Qf7 22. dxe5 dxe5 23. Red1 Kh8 24. Rd2 Bf5 25. Be4 Rcd8 26. Rbd1 Rxd5 27. Rxd5 Bxe4 28. Qxe4 Qxf2+ 29. Kh1 Qxb2 0-1


[Site "https://www.chess.com"]

[Event "Titled Tuesday Blitz August 1 Early 2023"]
[White "Putri, Regita Desyari"]
[Black "Bochnicka, Vladimir"]
[WhiteFideId "7109083"]
[BlackFideId "14943450"]
[WhiteElo "2237"]
[BlackElo "2452"]
[Result "0-1"]
[Round "5"]
[TimeControl "180+1"]
[Date "2023.08.01"]
[WhiteClock "0:00:00"]
[BlackClock "0:00:49"]
[Board "172"]

1. d4 d5 2. c4 dxc4 3. e3 Nf6 4. Bxc4 e6 5. Nf3 c5 6. O-O a6 7. a4 Nc6 8. Nc3 Be7 9. d5 exd5 10. Nxd5 Nxd5 11. Bxd5 O-O 12. h3 Qc7 13. e4 Rd8 14. Qb3 Bf6 15. Be3 Na5 16. Qc2 Be6 17. Rfd1 Rac8 18. Rac1 c4 19. Qe2 Bxd5 20. exd5 Qd6 21. Qe1 Nb3 22. Rc2 Qd7 23. a5 Qb5 24. Bb6 Re8 25. Qf1 Nxa5 26. Bxa5 Qxa5 27. Rxc4 Bxb2 28. Rxc8 Rxc8 29. d6 Rd8 30. Qd3 Bf6 31. d7 h6 32. Qd6 Qb5 33. Nh2 h5 34. Nf3 a5 35. Ne1 a4 36. Nc2 Qb3 37. Ne3 a3 38. Nf5 a2 39. Ne7+ Bxe7 40. Qxe7 Qxd1+ 0-1


[Site "https://www.chess.com"]

[Event "Titled Tuesday Blitz August 1 Early 2023"]
[White "Necromon"]
[Black "ChesscularGodofchess"]
[WhiteElo "2448"]
[BlackElo "2220"]
[Result "1-0"]
[Round "5"]
[TimeControl "180+1"]
[Date "2023.08.01"]
[WhiteClock "0:00:24"]
[BlackClock "0:00:00"]
[Board "173"]

1. Nf3 d5 2. b3 Nf6 3. Bb2 c5 4. e3 e6 5. c4 Be7 6. Be2 O-O 7. O-O Nc6 8. cxd5 exd5 9. d4 b6 10. Nc3 h6 11. Rc1 Be6 12. dxc5 bxc5 13. Na4 Ne4 14. Nd2 Qa5 15. Nxe4 dxe4 16. Bc4 Rfd8 17. Qe2 Bf5 18. Rfd1 Nb4 19. Bc3 Rxd1+ 20. Rxd1 Rd8 21. h3 Rxd1+ 22. Qxd1 Qc7 23. Bxb4 cxb4 24. Qd5 Bg6 25. Qd4 Bf6 26. Qd5 Be7 27. Qa8+ Kh7 28. Qe8 Qd6 29. Bxf7 Qd1+ 30. Kh2 Bd6+ 31. g3 Bxf7 32. Qxf7 Qd2 33. Kg2 Qxa2 34. Qf5+ Kh8 35. Qc8+ Kh7 36. Qe6 Bf8 37. Qxe4+ Kh8 38. Qf5 Kg8 39. Qe6+ Kh7 40. g4 Qd2 41. h4 Bd6 42. g5 hxg5 43. hxg5 Qd1 44. Qe4+ 1-0


[Site "https://www.chess.com"]

[Event "Titled Tuesday Blitz August 1 Early 2023"]
[White "Matyukov, Petr"]
[Black "cycygogne"]
[WhiteFideId "4103688"]
[WhiteElo "2439"]
[BlackElo "2163"]
[Result "1-0"]
[Round "5"]
[TimeControl "180+1"]
[Date "2023.08.01"]
[WhiteClock "0:00:14"]
[BlackClock "0:00:21"]
[Board "174"]

1. d4 Nf6 2. c4 c5 3. d5 e6 4. Nc3 exd5 5. cxd5 d6 6. Nf3 g6 7. h3 Bg7 8. Bf4 a6 9. a4 Qe7 10. e3 Nbd7 11. Bd3 O-O 12. O-O Rb8 13. Re1 Ne8 14. Qc2 Ne5 15. Bxe5 Bxe5 16. Ne4 f5 17. Ned2 g5 18. Nc4 Bg7 19. e4 f4 20. e5 dxe5 21. Bxh7+ Kh8 22. Ncxe5 Bxe5 23. Nxe5 Qxh7 24. Ng6+ Kg7 25. Re7+ Rf7 26. Rxe8 Bf5 27. Qc3+ Kxg6 28. Rxb8 Rd7 29. Qxc5 Qf7 30. Rd1 Be4 31. d6 Bc6 32. Rc8 Qe6 33. Rc7 Qe4 34. f3 Qe2 35. Rf1 Qxb2 36. Rxd7 Bxd7 37. Qc7 Qd4+ 38. Kh1 Qg7 39. Qc2+ Kf6 40. Qc3+ Kf7 41. Qxg7+ Kxg7 42. Re1 Kf6 43. Re7 Bc6 44. Rc7 Ke6 45. Rg7 Bxa4 46. Rg6+ Kd7 47. Rxg5 Kxd6 48. Rg6+ Kd7 49. h4 b5 50. h5 b4 51. h6 Bc2 52. Rg7+ Ke6 53. h7 Bxh7 54. Rxh7 b3 55. Rb7 1-0


[Site "https://www.chess.com"]

[Event "Titled Tuesday Blitz August 1 Early 2023"]
[White "le-castor-faineant"]
[Black "Ventura Bolet, Maxim"]
[BlackFideId "22238824"]
[WhiteElo "2197"]
[BlackElo "2432"]
[Result "0-1"]
[Round "5"]
[TimeControl "180+1"]
[Date "2023.08.01"]
[WhiteClock "0:00:58"]
[BlackClock "0:01:24"]
[Board "175"]

1. e4 c5 2. Nf3 a6 3. c4 e6 4. Nc3 Qc7 5. d4 cxd4 6. Nxd4 Bb4 7. Bd2 Nc6 8. Nc2 Be7 9. Be2 Nf6 10. O-O O-O 11. Be3 Ne5 12. Qd4 Nc6 13. Qd2 Ne5 14. Qd4 Neg4 15. Bxg4 Nxg4 16. g3 Nxe3 17. Nxe3 b6 18. b3 Bb7 19. f3 d5 20. cxd5 Bf6 21. Qd3 Qxc3 0-1


[Site "https://www.chess.com"]

[Event "Titled Tuesday Blitz August 1 Early 2023"]
[White "ilya2700"]
[Black "Swicarz, Maciej"]
[BlackFideId "1113585"]
[WhiteElo "2056"]
[BlackElo "2423"]
[Result "1-0"]
[Round "5"]
[TimeControl "180+1"]
[Date "2023.08.01"]
[WhiteClock "0:00:26"]
[BlackClock "0:00:53"]
[Board "176"]

1. e4 c5 2. c4 Nc6 3. Ne2 Nd4 4. Nbc3 g6 5. d3 Bg7 6. Nxd4 cxd4 7. Ne2 e6 8. g3 d5 9. cxd5 exd5 10. Bg2 Ne7 11. O-O O-O 12. b3 Bg4 13. h3 Be6 14. Nf4 Qd7 15. Ba3 Rfe8 16. Bxe7 Qxe7 17. exd5 Bf5 18. Qd2 h5 19. h4 Bh6 20. Rfe1 Qd6 21. Be4 Bxf4 22. Qxf4 Qxf4 23. gxf4 Bd7 24. Bf3 b6 25. Re4 Bf5 26. Rxd4 Rad8 27. Be4 Bc8 28. Rc1 Rd6 29. Rc7 a5 30. Rdc4 Ba6 31. R4c6 Red8 32. Rxd6 Rxd6 33. Rc6 Rd8 34. Rxb6 Bc8 35. Rc6 Kg7 36. Rc5 a4 37. bxa4 f5 38. Bf3 Bd7 39. Rc7 Kf6 40. a5 Ke7 41. a6 Kd6 42. Rb7 Ra8 43. a7 Ba4 44. Rb6+ Kc5 45. Ra6 Bb5 46. Ra5 Kb6 47. d6 Rxa7 48. Rxa7 Kxa7 49. Bd5 Kb6 50. Bf7 Bxd3 51. Bxg6 Kc6 52. Bxh5 Kxd6 53. Bf3 Ke6 54. Kg2 Kf6 55. a4 Ba6 56. Bc6 Ke6 57. Bb5 Bb7+ 58. Kg3 Kf6 59. h5 Kg7 60. Kh4 Kh6 61. a5 Ba8 62. a6 Be4 63. Bd7 Bd3 64. a7 Be4 65. Bxf5 Ba8 66. Kg4 Kg7 67. f3 Bb7 68. Be4 1-0


[Site "https://www.chess.com"]

[Event "Titled Tuesday Blitz August 1 Early 2023"]
[White "Fisabilillah, Ummi"]
[Black "Skiadopoulos, Nikolaos"]
[WhiteFideId "7104804"]
[BlackFideId "4200772"]
[WhiteElo "2404"]
[BlackElo "1849"]
[Result "1-0"]
[Round "5"]
[TimeControl "180+1"]
[Date "2023.08.01"]
[WhiteClock "0:02:08"]
[BlackClock "0:00:00"]
[Board "177"]

1. e4 c5 2. Nf3 Nc6 3. Bc4 e6 4. O-O a6 5. Re1 b5 6. Bf1 d6 7. c3 Bb7 8. d4 cxd4 9. cxd4 Be7 10. d5 Ne5 11. Nd4 exd5 12. exd5 Nf6 13. Nf5 O-O 14. Nxe7+ Qxe7 15. f4 Nxd5 16. fxe5 dxe5 17. Nd2 Qc5+ 18. Kh1 Ne3 19. Nb3 Nxd1 20. Nxc5 1-0


[Site "https://www.chess.com"]

[Event "Titled Tuesday Blitz August 1 Early 2023"]
[White "Elissalt Cardenas, Hector"]
[Black "Koshulyan, Egor A."]
[WhiteFideId "3500632"]
[BlackFideId "24237000"]
[WhiteElo "2342"]
[BlackElo "2652"]
[Result "0-1"]
[Round "5"]
[TimeControl "180+1"]
[Date "2023.08.01"]
[WhiteClock "0:00:00"]
[BlackClock "0:00:51"]
[Board "178"]

1. d4 Nf6 2. c4 e5 3. dxe5 Ng4 4. e3 Nxe5 5. f4 Ng6 6. Nf3 Bc5 7. Bd3 Nc6 8. Nc3 d6 9. a3 a5 10. Bd2 O-O 11. Ng5 h6 12. h4 Re8 13. Qf3 Nd4 14. Qg3 Nf5 15. Bxf5 Bxf5 16. O-O-O hxg5 17. hxg5 Qd7 18. Qh2 c6 19. Rde1 d5 20. g4 Bxg4 21. Na4 b6 22. Bc3 d4 23. exd4 Rxe1+ 24. Rxe1 Bxd4 25. Rh1 Bxc3 26. Nxb6 Qd2+ 27. Qxd2 Bxd2+ 28. Kxd2 Rb8 29. c5 Bf5 30. b4 axb4 31. axb4 Nxf4 32. Rf1 Rd8+ 33. Kc3 Nd5+ 34. Nxd5 Rxd5 0-1


[Site "https://www.chess.com"]

[Event "Titled Tuesday Blitz August 1 Early 2023"]
[White "Burmakin, Vladimir"]
[Black "Yonal, Timur"]
[WhiteFideId "4105109"]
[BlackFideId "44115725"]
[WhiteElo "2594"]
[BlackElo "2338"]
[Result "1-0"]
[Round "5"]
[TimeControl "180+1"]
[Date "2023.08.01"]
[WhiteClock "0:00:43"]
[BlackClock "0:00:00"]
[Board "179"]

1. c4 e5 2. g3 Nf6 3. Bg2 d5 4. cxd5 Nxd5 5. Nc3 Nb6 6. d3 Be7 7. Be3 O-O 8. Rc1 a6 9. a3 Re8 10. Qc2 Bf8 11. Nf3 Nc6 12. O-O Be6 13. Ne4 f6 14. Nc5 Bxc5 15. Bxc5 Qd7 16. Rfd1 Qf7 17. Nd2 Nd5 18. b4 Rac8 19. Qb2 b6 20. Be3 Nce7 21. Nf1 Nf5 22. a4 Qd7 23. b5 axb5 24. axb5 Ra8 25. Ra1 Qd6 26. Rdc1 Nfe7 27. Bd2 f5 28. Rxa8 Rxa8 29. Bb4 Qd7 30. Bxe7 Qxe7 31. Qxe5 Rd8 32. Ne3 Nxe3 33. Qxe3 Qf6 34. Bf3 f4 35. Qxf4 Qb2 36. Rxc7 Qxb5 37. Kg2 Rf8 38. Qd6 Qf5 39. g4 Qf6 40. Re7 Bf7 41. Qxf6 gxf6 42. Rb7 Kg7 43. Rxb6 1-0


[Site "https://www.chess.com"]

[Event "Titled Tuesday Blitz August 1 Early 2023"]
[White "Perdomo, Carlos Andres"]
[Black "Viskelis, Darius"]
[WhiteFideId "4400852"]
[BlackFideId "12800830"]
[WhiteElo "2587"]
[BlackElo "2330"]
[Result "1-0"]
[Round "5"]
[TimeControl "180+1"]
[Date "2023.08.01"]
[WhiteClock "0:00:31"]
[BlackClock "0:00:22"]
[Board "180"]

1. Nf3 d5 2. e3 g6 3. c4 c6 4. Nc3 Bg7 5. d4 Nf6 6. Qb3 O-O 7. Be2 dxc4 8. Qxc4 Nbd7 9. O-O Nb6 10. Qb3 Bf5 11. Rd1 Qd6 12. Ne5 Nfd5 13. Nc4 Nxc4 14. Bxc4 Nb6 15. Be2 Rad8 16. a4 e5 17. a5 Nd5 18. Qxb7 exd4 19. exd4 Qb4 20. Qxc6 Be6 21. Bf3 Rc8 22. Nxd5 Bxd5 23. Qxd5 Rfd8 24. Qb7 Bxd4 25. Qxb4 1-0


[Site "https://www.chess.com"]

[Event "Titled Tuesday Blitz August 1 Early 2023"]
[White "Derige Kane, Yan"]
[Black "Fajdetic, Hrvoje"]
[WhiteFideId "20665431"]
[BlackFideId "14501945"]
[WhiteElo "2585"]
[BlackElo "2318"]
[Result "1-0"]
[Round "5"]
[TimeControl "180+1"]
[Date "2023.08.01"]
[WhiteClock "0:02:13"]
[BlackClock "0:00:03"]
[Board "181"]

1. d4 d5 2. c4 e6 3. Nc3 f5 4. Bf4 c6 5. Nf3 Nf6 6. e3 Bd6 7. Bd3 O-O 8. Qc2 Ne4 9. g4 Bxf4 10. exf4 fxg4 11. Ne5 Rxf4 12. Nxe4 dxe4 13. Bxe4 Qh4 14. O-O-O Rxf2 15. Bxh7+ Qxh7 16. Qxf2 Qf5 17. Qg3 Nd7 18. Nxg4 Qg5+ 19. Kb1 Nf6 20. Nxf6+ Qxf6 21. Rdf1 Qxd4 22. Rhg1 Bd7 23. Qg6 Rf8 24. Rxf8+ Kxf8 25. Rf1+ Kg8 26. Qf7+ Kh7 27. Qf4 e5 28. Qxd4 exd4 29. c5 Kg6 30. Rf4 d3 31. Kc1 Bf5 32. Kd2 b6 33. Rc4 b5 34. Rd4 Kf6 35. Rd6+ Ke5 36. Rxc6 Kd4 37. Rc7 a5 38. c6 Kc5 39. h4 g6 40. Rf7 Kxc6 41. h5 Kd6 42. h6 1-0


[Site "https://www.chess.com"]

[Event "Titled Tuesday Blitz August 1 Early 2023"]
[White "Akhayan, Ruben"]
[Black "Degenbaev, Aziz"]
[WhiteFideId "204439"]
[BlackFideId "13802640"]
[WhiteElo "2315"]
[BlackElo "2559"]
[Result "0-1"]
[Round "5"]
[TimeControl "180+1"]
[Date "2023.08.01"]
[WhiteClock "0:00:27"]
[BlackClock "0:01:01"]
[Board "182"]

1. e4 c5 2. Nf3 Nc6 3. Nc3 e5 4. Bc4 Be7 5. d3 d6 6. Nd2 Bg5 7. h4 Bh6 8. Nf1 Bxc1 9. Qxc1 Nf6 10. Ne3 O-O 11. Qd2 a6 12. a4 Nb4 13. Ncd5 Nbxd5 14. Nxd5 Be6 15. Nxf6+ Qxf6 16. Bxe6 fxe6 17. g3 Qf3 18. O-O Qg4 19. Qg5 Qxg5 20. hxg5 b5 21. Kg2 Rfb8 22. axb5 axb5 23. f4 exf4 24. gxf4 Kf7 25. Kf3 Kg6 26. Kg4 h5+ 27. gxh6 gxh6 28. Kf3 Kf6 29. Rh1 Kg7 30. Rhg1+ Kh7 31. f5 e5 32. Rxa8 Rxa8 33. Rg6 Ra2 34. Rxd6 Rxb2 35. Rd7+ Kg8 36. c4 b4 37. f6 b3 38. Rb7 Rb1 39. Kg2 h5 40. Kh2 b2 41. Kg2 Kf8 42. Kh2 Ke8 43. Kg2 h4 44. Kh2 Kf8 45. Kg2 h3+ 46. Kh2 Ke8 47. Rb5 Kf7 48. Rb6 Kg6 49. f7+ Kxf7 50. Rb7+ Kf6 51. Rb8 Kg5 52. Rb7 Kf4 53. Rb8 Ke3 54. Rb7 Kxd3 0-1


[Site "https://www.chess.com"]

[Event "Titled Tuesday Blitz August 1 Early 2023"]
[White "Hajiyev, Kanan"]
[Black "Jiganchine, Roman"]
[WhiteFideId "13404148"]
[BlackFideId "2603667"]
[WhiteElo "2558"]
[BlackElo "2315"]
[Result "1-0"]
[Round "5"]
[TimeControl "180+1"]
[Date "2023.08.01"]
[WhiteClock "0:02:23"]
[BlackClock "0:00:55"]
[Board "183"]

1. d4 d5 2. Nf3 Bf5 3. c4 c6 4. cxd5 cxd5 5. Nc3 e6 6. Qb3 Qb6 7. Qxb6 axb6 8. Bf4 Ne7 9. Nb5 Na6 10. e3 Nc6 11. a3 Be7 12. Be2 O-O 13. O-O f6 14. Bd6 Rfe8 15. Bxe7 Rxe7 16. b4 Bc2 17. Rfc1 Ba4 18. Nc3 b5 19. Nxa4 bxa4 20. b5 1-0


[Site "https://www.chess.com"]

[Event "Titled Tuesday Blitz August 1 Early 2023"]
[White "Zaksaite, Salomeja"]
[Black "robertoalejandro10"]
[WhiteFideId "12801496"]
[WhiteElo "2313"]
[BlackElo "2558"]
[Result "0-1"]
[Round "5"]
[TimeControl "180+1"]
[Date "2023.08.01"]
[WhiteClock "0:00:00"]
[BlackClock "0:00:08"]
[Board "184"]

1. e4 c5 2. Nf3 g6 3. Bc4 Bg7 4. c3 Nc6 5. d4 cxd4 6. cxd4 d6 7. O-O Nf6 8. Nc3 O-O 9. h3 Nxe4 10. Bxf7+ Rxf7 11. Nxe4 h6 12. Be3 g5 13. d5 Ne5 14. Nd4 Qa5 15. Ne6 Bxe6 16. dxe6 Rf5 17. Rc1 Raf8 18. Nxd6 exd6 19. e7 Re8 20. Qxd6 Nc6 21. b4 Qe5 22. Qg6 Rxe7 23. Rfe1 Qf6 24. Qh5 Rf7 25. b5 Rxb5 26. Qg4 Qf5 27. Qc4 Re5 28. Qb3 Kh7 29. Rcd1 Qe6 30. Qb1+ Qg6 31. Qb3 Re6 0-1


[Site "https://www.chess.com"]

[Event "Titled Tuesday Blitz August 1 Early 2023"]
[White "Ai, Evan"]
[Black "Ahmad, Khagan"]
[WhiteFideId "2094770"]
[BlackFideId "13431552"]
[WhiteElo "2310"]
[BlackElo "2557"]
[Result "0-1"]
[Round "5"]
[TimeControl "180+1"]
[Date "2023.08.01"]
[WhiteClock "0:00:12"]
[BlackClock "0:00:16"]
[Board "185"]

1. e4 c5 2. Nf3 e6 3. d4 cxd4 4. Nxd4 a6 5. Bd3 Nc6 6. Nxc6 bxc6 7. O-O d5 8. exd5 cxd5 9. c4 Nf6 10. Bg5 Be7 11. cxd5 Nxd5 12. Bxe7 Qxe7 13. Be4 Bb7 14. Qa4+ Qd7 15. Qxd7+ Kxd7 16. Rd1 Ke7 17. Na3 Rhd8 18. Nc4 Rac8 19. Rac1 Rc7 20. Kf1 Rdc8 21. b3 Ne3+ 22. fxe3 Bxe4 23. Rd4 Bd5 24. g3 f6 25. Ke2 Bxc4+ 26. Rdxc4 Rxc4 27. Rxc4 Rxc4 28. bxc4 Kd6 29. Kd3 Kc5 30. Kc3 f5 31. a3 a5 32. h3 e5 33. g4 g6 34. g5 a4 35. Kd3 f4 36. exf4 exf4 37. Ke4 Kxc4 38. Kxf4 Kb3 39. Ke5 Kxa3 40. Kf6 Kb3 41. Kg7 a3 42. Kxh7 a2 43. Kxg6 a1=Q 44. h4 Kc4 45. h5 Kd5 46. Kh7 Ke6 47. g6 Qa7+ 48. g7 Kf6 49. h6 Kg5 50. Kh8 Kxh6 51. g8=Q Qa1+ 0-1


[Site "https://www.chess.com"]

[Event "Titled Tuesday Blitz August 1 Early 2023"]
[White "Nurgaliyeva, Zarina"]
[Black "Szente Varga, Fruzsina"]
[WhiteFideId "13730096"]
[BlackFideId "712264"]
[WhiteElo "2542"]
[BlackElo "2310"]
[Result "1-0"]
[Round "5"]
[TimeControl "180+1"]
[Date "2023.08.01"]
[WhiteClock "0:01:02"]
[BlackClock "0:01:02"]
[Board "186"]

1. e4 c5 2. Nf3 Nc6 3. Bb5 g6 4. O-O Bg7 5. Nc3 d6 6. e5 dxe5 7. Bxc6+ bxc6 8. Re1 Bg4 9. h3 Bxf3 10. Qxf3 Qc7 11. d3 Rd8 12. Be3 c4 13. Ne4 cxd3 14. cxd3 Nf6 15. Nxf6+ exf6 16. Rac1 O-O 17. Rxc6 Qa5 18. Rec1 Qxa2 19. b4 Rxd3 20. Qe4 Rfd8 21. Qxd3 Rxd3 22. Rc8+ Bf8 23. Bh6 1-0


[Site "https://www.chess.com"]

[Event "Titled Tuesday Blitz August 1 Early 2023"]
[White "Van den Dikkenberg, Erik"]
[Black "Pinero Rodriguez, Carlos Jose"]
[WhiteFideId "1005880"]
[BlackFideId "3901726"]
[WhiteElo "2307"]
[BlackElo "2535"]
[Result "1-0"]
[Round "5"]
[TimeControl "180+1"]
[Date "2023.08.01"]
[WhiteClock "0:00:57"]
[BlackClock "0:01:01"]
[Board "187"]

1. e4 c5 2. Nc3 e6 3. f4 a6 4. Nf3 Nc6 5. a4 d5 6. Qe2 Nf6 7. e5 Ng8 8. g3 h5 9. h3 Nh6 10. Bg2 Nf5 11. Qf2 Be7 12. d3 b6 13. O-O Bb7 14. Ne2 Qc7 15. c3 O-O-O 16. Bd2 f6 17. d4 Na5 18. b4 Nc4 19. bxc5 bxc5 20. Rfb1 Nxd2 21. Nxd2 c4 22. a5 Bc6 23. Rb6 Bb5 24. Rb1 Kd7 25. g4 hxg4 26. hxg4 Nh6 27. f5 exf5 28. Bxd5 Kc8 29. Be6+ Rd7 30. Qf3 1-0


[Site "https://www.chess.com"]

[Event "Titled Tuesday Blitz August 1 Early 2023"]
[White "Eynullayev, Altay"]
[Black "Kaminski, Victor"]
[WhiteFideId "13413562"]
[BlackFideId "1131630"]
[WhiteElo "2525"]
[BlackElo "2307"]
[Result "1-0"]
[Round "5"]
[TimeControl "180+1"]
[Date "2023.08.01"]
[WhiteClock "0:00:09"]
[BlackClock "0:00:03"]
[Board "188"]

1. e4 e5 2. Nf3 Nc6 3. Bb5 a6 4. Ba4 Nf6 5. O-O Be7 6. Re1 b5 7. Bb3 O-O 8. a4 Bb7 9. d3 d6 10. Nbd2 Na5 11. Ba2 c5 12. Nf1 b4 13. Bg5 Rb8 14. Bxf6 Bxf6 15. Ne3 b3 16. Bxb3 Nxb3 17. cxb3 Bc6 18. Nd2 Bg5 19. Qg4 g6 20. Nec4 Kg7 21. Qe2 h5 22. Rac1 h4 23. h3 f5 24. Rc3 Qf6 25. Nf3 Bf4 26. Ne3 Kh7 27. Qc2 Rg8 28. Rc4 Rb7 29. b4 Rbg7 30. bxc5 dxc5 31. Rxc5 Ba8 32. Nd5 Bxd5 33. Rxd5 g5 34. Nh2 g4 35. hxg4 Bxh2+ 36. Kxh2 fxg4 37. Rc5 g3+ 38. fxg3 Rxg3 39. Re2 Qg7 40. Rc7 h3 41. Rxg7+ R8xg7 42. gxh3 Rg1 43. Rg2 R1xg2+ 44. Qxg2 Rxg2+ 45. Kxg2 Kg6 46. Kf3 a5 47. Ke3 Kg5 48. d4 exd4+ 49. Kxd4 Kf4 50. Kd5 1-0


[Site "https://www.chess.com"]

[Event "Titled Tuesday Blitz August 1 Early 2023"]
[White "Streltsov, Alexey"]
[Black "Ardila, Oscar Humberto"]
[WhiteFideId "24104434"]
[BlackFideId "4404742"]
[WhiteElo "2516"]
[BlackElo "2303"]
[Result "1-0"]
[Round "5"]
[TimeControl "180+1"]
[Date "2023.08.01"]
[WhiteClock "0:01:55"]
[BlackClock "0:01:05"]
[Board "189"]

1. d4 Nf6 2. Nc3 e6 3. e4 Bb4 4. e5 Nd5 5. Bd2 Nxc3 6. bxc3 Be7 7. f4 d6 8. Nf3 c5 9. Bd3 Nc6 10. O-O Qb6 11. Be3 cxd4 12. cxd4 O-O 13. Qd2 dxe5 14. fxe5 Nb4 15. Rab1 Qa5 16. a3 Nc6 17. c3 Rd8 18. Qf2 f5 19. exf6 Bxf6 20. Ng5 h6 21. Ne4 Rf8 22. Bxh6 Qd8 23. Qg3 e5 24. Nxf6+ Rxf6 25. Qxg7# 1-0


[Site "https://www.chess.com"]

[Event "Titled Tuesday Blitz August 1 Early 2023"]
[White "Ziatdinov, Raset"]
[Black "Shapiro, Viktor"]
[WhiteFideId "2015323"]
[BlackFideId "4175700"]
[WhiteElo "2301"]
[BlackElo "2511"]
[Result "0-1"]
[Round "5"]
[TimeControl "180+1"]
[Date "2023.08.01"]
[WhiteClock "0:00:13"]
[BlackClock "0:01:50"]
[Board "190"]

1. e4 Nf6 2. e5 Nd5 3. d4 d6 4. c4 Nb6 5. f4 dxe5 6. fxe5 c5 7. d5 g6 8. Nc3 Bg7 9. Nf3 Bg4 10. Bf4 O-O 11. h3 Bxf3 12. Qxf3 e6 13. d6 Nc6 14. Qg3 Nd7 15. O-O-O Ndxe5 16. Be2 Qa5 17. Kb1 Rad8 18. h4 Qb4 19. h5 Nxc4 20. Bxc4 Qxc4 21. hxg6 fxg6 22. Bg5 Rd7 23. Rh4 Bd4 24. Rdh1 Rf1+ 25. Kc2 Nb4+ 26. Kd2 Rf2+ 27. Qxf2 Qd3+ 28. Kc1 Bxf2 0-1


[Site "https://www.chess.com"]

[Event "Titled Tuesday Blitz August 1 Early 2023"]
[White "Khamdamova, Afruza"]
[Black "Levitan, Caleb Levi"]
[WhiteFideId "14210444"]
[BlackFideId "14332620"]
[WhiteElo "2498"]
[BlackElo "2298"]
[Result "0-1"]
[Round "5"]
[TimeControl "180+1"]
[Date "2023.08.01"]
[WhiteClock "0:00:00"]
[BlackClock "0:00:04"]
[Board "191"]

1. e4 e5 2. Nf3 Nc6 3. Bb5 a6 4. Ba4 Nf6 5. O-O Bc5 6. c3 b5 7. Bb3 d6 8. d4 Bb6 9. Be3 O-O 10. Nbd2 Bb7 11. Re1 h6 12. Bc2 Ng4 13. Nf1 Nxe3 14. Nxe3 Re8 15. a3 Na7 16. Nf5 c5 17. d5 Nc8 18. Qd2 Qf6 19. a4 Ne7 20. Nxe7+ Qxe7 21. Bd3 c4 22. Bf1 f5 23. exf5 Qf7 24. Rad1 Qxf5 25. h3 Rf8 26. Qe2 Rae8 27. axb5 axb5 28. b3 Bxf2+ 29. Qxf2 e4 30. bxc4 exf3 31. Rxe8 Rxe8 32. Qxf3 Qxf3 33. gxf3 bxc4 34. Bxc4 Rc8 35. Rd4 Rc5 36. Kf2 Kf7 37. Ke3 Bc8 38. Kd2 Bxh3 39. Bd3 Bd7 40. Rf4+ Kg8 41. c4 Ra5 42. Bg6 Ra8 43. Kc3 Rf8 44. Rxf8+ Kxf8 45. Kd4 Ke7 46. c5 dxc5+ 47. Kxc5 Kf6 48. Be4 Ke5 49. d6 h5 50. Bc6 Be6 51. d7 Bxd7 52. Bxd7 Kf4 53. Kd4 g5 54. Kd3 Kxf3 55. Bc6+ Kf2 0-1


[Site "https://www.chess.com"]